 Dungeon Crawl Stone Soup version 0.21-a0-279-g6037ffb (webtiles) character file.

3437 tidbits the Reanimator (level 9, 0/79 HPs)
             Began as a Grey Draconian Necromancer on Sept 23, 2017.
             Was an Elder of Cheibriados.
             Slain by an elephant (3 damage)
             ... on level 9 of the Dungeon.
             The game lasted 00:30:17 (2512 turns).

tidbits the Reanimator (Grey Draconian Necromancer) Turns: 2512, Time: 00:30:18

Health: 0/79       AC: 13    Str: 21    XL:     9   Next: 77%
Magic:  16/16      EV:  2    Int: 28    God:    Cheibriados [****..]
Gold:   199        SH:  0    Dex: 25    Spells: 2/18 levels left

rFire    . . .     SeeInvis .   q - +4 great sword
rCold    . . .     Gourm    .   (shield currently unavailable)
rNeg     + + +     Faith    .   (armour unavailable)
rPois    ∞         Spirit   .   (helmet restricted)
rElec    .         Reflect  .   (no cloak)
rCorr    .         Harm     .   (no gloves)
MR       .....                  F - +0 pair of boots
Stlth    +++.......             (no amulet)
HPRegen  0.23/turn              n - +2 ring of dexterity
MPRegen  0.15/turn              p - -3 ring of strength (curse)

@: mighty, petrified, very slow
A: walk through water, unfitting armour, talons 1, clever 1, mutation resistance
1, unbreathing, cold-blooded, AC +12
a: Bend Time, Temporal Distortion, Slouch, Renounce Religion


You were on level 9 of the Dungeon.
You worshipped Cheibriados.
Cheibriados was greatly pleased with you.
You were not hungry.

You visited 1 branch of the dungeon, and saw 9 of its levels.

You collected 199 gold pieces.

Inventory:

Hand Weapons
 c - a +0 short sword
 d - a +0 club
 k - a +0 hand crossbow
 q - a +4 great sword (weapon)
 x - a +0 halberd
Missiles
 f - 71 arrows
Armour
 F - a +0 pair of boots (worn)
Magical Staves
 D - an uncursed staff of air {unknown}
   (You found it on level 7 of the Dungeon)
Jewellery
 g - an uncursed ring of teleportation
   (You found it on level 6 of the Dungeon)
 n - a +2 ring of dexterity (left hand)
   (You took it off a kobold on level 3 of the Dungeon)
 p - a cursed -3 ring of strength (right hand)
   (You found it on level 8 of the Dungeon)
Wands
 l - a wand of flame (31/48)
 H - a wand of scattershot (2/9)
Scrolls
 e - 2 scrolls of fog {unknown}
 o - a scroll of summoning {unknown}
 t - a scroll of fear {unknown}
 v - a scroll of magic mapping {unknown}
 y - 2 scrolls of amnesia {unknown}
 C - a scroll of recharging
Potions
 i - a potion of cancellation
 j - 2 potions of might
 m - a potion of resistance
 s - a potion of lignification {unknown}
 u - 3 potions of flight
 w - a potion of magic {unknown}
 z - a potion of brilliance {unknown}
 A - a potion of ambrosia {unknown}
 B - a potion of haste {unknown}
Books
 a - a book of Necromancy

   Spells                             Type                      Level
   a - Pain                           Necromancy                   1
   b - Animate Skeleton               Necromancy                   1
   c - Vampiric Draining              Necromancy                   3
   d - Regeneration                   Charms/Necromancy            3
   e - Animate Dead                   Necromancy                   4
   f - Control Undead                 Necromancy                   4
 r - a book of Conjurations
   (You found it on level 8 of the Dungeon)

   Spells                             Type                      Level
   a - Magic Dart                     Conjuration                  1
   b - Searing Ray                    Conjuration                  2
   c - Dazzling Spray                 Conjuration/Hexes            3
   d - Fulminant Prism                Conjuration/Hexes            4
   e - Force Lance                    Conjuration/Translocation    4
   f - Iskenderun's Mystic Blast      Conjuration                  4
Comestibles
 b - 3 bread rations
 h - 3 meat rations
 E - 2 royal jellies
 G - a chunk of flesh


   Skills:
 - Level 7.3 Fighting
 - Level 6.5 Dodging
 - Level 1.7 Stealth
 + Level 8.1 Unarmed Combat
 - Level 5.2 Spellcasting
 - Level 8.8 Necromancy
 + Level 2.1 Invocations


You had 2 spell levels left.
You knew the following spells:

 Your Spells              Type           Power        Failure   Level  Hunger
n - Animate Skeleton      Necr           N/A          1%          1    None
r - Regeneration          Chrm/Necr      ####......   3%          3    #......
u - Control Undead        Necr           ######....   1%          4    ###....
v - Vampiric Draining     Necr           ######....   1%          3    #......
z - Pain                  Necr           ####         1%          1    None
N - Animate Dead          Necr           N/A          1%          4    ###....


Dungeon Overview and Level Annotations

Branches:
Dungeon (9/15)               Lair (0/6) D:9
 Temple: D:4-7          Orc: D:9-12

Altars:
Cheibriados
Dithmenos
Makhleb
Sif Muna
Vehumet

Shops:
D:8 [

Annotations:
D:7 exclusion: cyclops


Innate Abilities, Weirdness & Mutations

You can walk through water.
Your dull iron-grey scales are very hard. (AC +12)
You cannot fit into any form of body armour.
You can survive without breathing.
You are cold-blooded and may be slowed by cold attacks.
You have sharp toenails.
Your mind is acute. (Int +2)
You are somewhat resistant to further mutation.


Message History

Found a stone staircase leading down.
You see here a meat ration.
h - 3 meat rations (gained 1)
You see here a leather armour.
There is a stone staircase leading down here.
You climb downwards.
Your mindless thrall stays behind.
You hear the roar of battle.
There is an entrance to a bailey on this level.
Hurry and find it before the portal closes forever! 2 basilisks, an adder, a yak and an elephant come into view.
The yak bellows!
The basilisk hisses angrily.
The elephant trumpets!
The adder hisses angrily.
Found a runed hunting sling and a scroll of enchant weapon.
Found a staircase to the Lair.
There is a stone staircase leading up here.
Okay, then.
You feel very mighty all of a sudden.
The basilisk hisses angrily.
The basilisk gazes at you.
You are slowing down.
A centaur skeleton comes into view.
You have turned to stone.
The elephant tramples you.
You are shoved backwards!
The elephant tramples you!
You are shoved backwards!
The elephant tramples you!
You hold your ground!
The elephant trunk-slaps you but does no damage.
The adder bites you but does no damage. The elephant barely misses you.
The elephant trunk-slaps you. The adder bites you but does no damage.
The elephant tramples you.
You hold your ground!
The elephant trunk-slaps you but does no damage.
The adder bites you but does no damage. The basilisk gazes at you.
You resist with some effort. The elephant tramples you.
You hold your ground!
The elephant trunk-slaps you but does no damage.
The adder barely misses you. The basilisk gazes at you.
The adder bites you but does no damage. The elephant tramples you!
You hold your ground!
The elephant trunk-slaps you but does no damage.
You turn to flesh and can move again.
You completely miss the adder. The adder bites you but does no damage.
The basilisk misses you.
You riposte.
You miss the basilisk. You tail-slap the basilisk.
The basilisk is lightly wounded.
The elephant tramples you.
You hold your ground!
The elephant completely misses you. The adder misses you.
The elephant tramples you.
You hold your ground!
The elephant closely misses you.
You slice the adder!!
You kill the adder!
Cheibriados thoroughly appreciates the change of pace.
The basilisk gazes at you.
You are slowing down.
The basilisk gazes at you.
Your limbs have turned to stone.
The elephant tramples you!
You hold your ground!
The elephant trunk-slaps you but does no damage.
The basilisk gazes at you. You resist with some effort.
You have turned to stone.
The centaur skeleton hits you but does no damage.
The basilisk bites you.
The elephant tramples you but does no damage.
The elephant trunk-slaps you.
The basilisk bites you but does no damage.
The centaur skeleton hits you but does no damage.
The basilisk gazes at you. You resist with some effort.
The elephant tramples you but does no damage.
The elephant trunk-slaps you.
The centaur skeleton hits you but does no damage.
The basilisk hisses menacingly.
The basilisk gazes at you. The basilisk bites you.
The centaur skeleton hits you but does no damage.
The elephant tramples you!
* * * LOW HITPOINT WARNING * * *
You hold your ground!
The elephant trunk-slaps you.
The basilisk bites you but does no damage.
The centaur skeleton hits you but does no damage.
The basilisk gazes at you. You resist with some effort.
The elephant tramples you!
* * * LOW HITPOINT WARNING * * *
You hold your ground!
The elephant trunk-slaps you but does no damage.
The basilisk bites you!
* * * LOW HITPOINT WARNING * * *
The centaur skeleton hits you!
* * * LOW HITPOINT WARNING * * *
The basilisk bites you but does no damage.
The elephant tramples you!
* * * LOW HITPOINT WARNING * * *
You hold your ground!
The elephant trunk-slaps you but does no damage.
The centaur skeleton hits you but does no damage.
The basilisk bites you!
* * * LOW HITPOINT WARNING * * *
The basilisk bites you!
* * * LOW HITPOINT WARNING * * *
The elephant tramples you!
You die...

#.# ... ...
#.# #.# #.#
##Z####
#@YY.<#
#ll###.......
#..# .......
#..# ).Y.>..
.... ...S.Z.
......
....?..
###.###
#.....P #.#
..P.P.


You could see an elephant, a yak, 2 basilisks and a centaur skeleton.

Vanquished Creatures
  A two-headed ogre (D:7)
  Joseph (D:7)
  2 hippogriffs (D:8)
  An orc warrior (D:7)
  2 sky beasts
  A necrophage (D:6)
  3 ice beasts
  4 ogres
  4 bullfrogs
  2 scorpions (D:6)
  3 wights (D:6)
  A howler monkey (D:8)
  3 hounds
  A centaur skeleton (D:7)
  An iguana (D:7)
  An orc wizard (D:7)
  3 worker ants
  2 hound skeletons
  4 gnolls (D:3)
  2 howler monkey skeletons
  7 adders
  A shadow imp (D:8)
  An adder skeleton (D:7)
  3 worms
  A dart slug (D:2)
  2 leopard geckos (D:2)
  18 orcs
  2 giant cockroaches
  3 goblins
  5 hobgoblins
  4 jackals
  2 quokkas (D:3)
  4 bats
  2 frilled lizards
  5 kobolds
  A quokka zombie (D:7)
  4 rats (D:1)
107 creatures vanquished.

Vanquished Creatures (collateral kills)
  An ice beast (D:7)
  A wight (D:6)
  A centaur skeleton (D:8)
  An iguana (D:6)
  2 worker ants
  A shadow imp (D:5)
  An orc (D:7)
  A giant cockroach (D:5)
  A hobgoblin (D:3)
  A jackal (D:7)
  A rat (D:3)
12 creatures vanquished.

Grand Total: 119 creatures vanquished

Notes
Turn   | Place    | Note
-------+----------+-------------------------------------------
     0 | D:1      | tidbits the Draconian Necromancer began the quest for the Orb.
     0 | D:1      | Reached XP level 1. HP: 14/14 MP: 3/3
    12 | D:1      | Found a snail-covered altar of Cheibriados.
   120 | D:1      | Became a worshipper of Cheibriados the Contemplative
   141 | D:1      | Learned a level 1 spell: Animate Skeleton
   245 | D:1      | Reached XP level 2. HP: 15/20 MP: 0/5
   423 | D:2      | Reached skill level 5 in Spellcasting
   423 | D:2      | Reached skill level 8 in Necromancy
   423 | D:2      | Reached XP level 3. HP: 15/26 MP: 3/9
   424 | D:2      | Reached skill level 6 in Fighting
   424 | D:2      | Reached skill level 5 in Dodging
   424 | D:2      | Reached XP level 4. HP: 27/45 MP: 3/11
   455 | D:2      | Learned a level 3 spell: Vampiric Draining
   459 | D:2      | Learned a level 3 spell: Regeneration
   556 | D:3      | Reached * piety under Cheibriados
   556 | D:3      | Reached XP level 5. HP: 51/51 MP: 3/12
   648 | D:2      | Found a radiant altar of Vehumet.
   711 | D:3      | Reached skill level 6 in Dodging
   807 | D:2      | Found a burning altar of Makhleb.
   871 | D:3      | Reached ** piety under Cheibriados
   940 | D:4      | Noticed an ogre
   973 | D:4      | Killed an ogre
   973 | D:4      | Reached XP level 6. HP: 52/58 MP: 3/13
  1076 | D:5      | Entered Level 5 of the Dungeon
  1093 | D:5      | Reached skill level 7 in Fighting
  1099 | D:5      | Learned a level 4 spell: Animate Dead
  1114 | D:6      | Noticed a sky beast
  1127 | D:5      | Killed a sky beast
  1144 | D:5      | Found a deep blue altar of Sif Muna.
  1245 | D:6      | Your scales start taking on a dull iron-grey colour.
  1245 | D:6      | Reached XP level 7. HP: 44/63 MP: 14/14
  1245 | D:6      | Gained mutation: You can survive without breathing. [Grey Draconian growth]
  1258 | D:5      | Learned a level 4 spell: Control Undead
  1413 | D:6      | Reached skill level 1 in Unarmed Combat
  1457 | D:7      | Reached *** piety under Cheibriados
  1457 | D:7      | Reached skill level 2 in Unarmed Combat
  1501 | D:7      | Noticed a two-headed ogre
  1526 | D:7      | Killed a two-headed ogre
  1526 | D:7      | Reached skill level 4 in Unarmed Combat
  1526 | D:7      | Reached XP level 8. HP: 9/73 MP: 0/15
  1582 | D:7      | Reached skill level 5 in Unarmed Combat
  1725 | D:5      | Found a shadowy altar of Dithmenos.
  1965 | D:7      | Noticed Joseph
  1976 | D:7      | Killed Joseph
  1976 | D:7      | Reached skill level 6 in Unarmed Combat
  1976 | D:7      | Reached XP level 9. HP: 66/79 MP: 3/16
  2096 | D:7      | Reached skill level 7 in Unarmed Combat
  2110 | D:7      | Noticed a cyclops
  2135 | D:7      | Gained mutation: Your mind is acute. (Int +2) [potion of mutation]
  2135 | D:7      | Gained mutation: You have sharp toenails. [potion of mutation]
  2135 | D:7      | Gained mutation: You are somewhat resistant to further mutation. [potion of mutation]
  2207 | D:8      | Reached **** piety under Cheibriados
  2255 | D:8      | Found Oxypruur's Antique Armour Emporium.
  2339 | D:8      | Reached skill level 1 in Invocations
  2389 | D:8      | Reached skill level 8 in Unarmed Combat
  2445 | D:8      | Reached skill level 2 in Invocations
  2493 | D:9      | Found a staircase to the Lair.
  2493 | D:9      | Noticed an elephant
  2512 | D:9      | HP: 3/79 [basilisk (7)]
  2512 | D:9      | Slain by an elephant

Vault maps used:
D:1:      dpeg_arrival_tiny_a, hangedman_decor_points, cheibriados_altar_1
D:2:      nicolae_overflow_hidden_temple, first_bread
D:3:      nicolae_tso_swordbearing_angel
D:5:      lemuel_upstairs_altar, lemuel_doored_altar, minmay_temple_entry_trees,
          basic_altar, uniq_pikel
D:6:      minitemple
D:7:      lemuel_slime, minmay_misc_feat_more_columns, grunt_livestock,
          uniq_joseph
D:8:      serial_shops, kennysheep_mini_moat
D:9:      david_lair_generic, enter_bailey_2

Skill      XL: |  1  2  3  4  5  6  7  8  9 |
---------------+----------------------------+-----
Spellcasting   | 5 |  5.2
Necromancy     | 8 |  8.8
Fighting       | 6 7 |  7.3
Dodging        | 5 6 |  6.5
Unarmed Combat | 4 6 8 |  8.1
Invocations    | 2 |  2.1
Stealth        | |  1.7

Action                   |  1- 3 |  4- 6 |  7- 9 || total
-------------------------+-------+-------+-------++-------
Melee: Short sword       |    23 |   110 |    29 ||   162
       Tailslap          |     1 |    12 |    30 ||    43
       Club              |     1 |       |       ||     1
       Great sword       |       |       |    86 ||    86
 Cast: Pain              |    25 |    69 |    34 ||   128
       Animate Skeleton  |     1 |     6 |     8 ||    15
       Vampiric Draining |       |     9 |    10 ||    19
       Regeneration      |       |     3 |     8 ||    11
       Animate Dead      |       |     1 |     1 ||     2
       Control Undead    |       |       |     1 ||     1
Evoke: Wand              |       |     1 |     9 ||    10
  Use: Potion            |     4 |       |     5 ||     9
       Scroll            |       |     1 |    10 ||    11
 Stab: Sleeping          |     1 |     1 |       ||     2
  Eat: Chunk             |       |     2 |     4 ||     6
Armor: Skin              |     6 |    21 |    61 ||    88
Dodge: Dodged            |    23 |    99 |   165 ||   287
       Rpst.: Great sword |       |       |    37 ||    37

Table legend:
 A = Spawn XP
 B = Non-spawn XP
 C = Spawn XP percentage of total XP
 D = Spawn monster count
 E = Non-spawn monster count
 F = Spawn count percentage of total count
 G = Total turns spent on level
                    A         B        C        D         E        F      G
               +---------+---------+-------+---------+---------+-------+---------
         Total |       0 |    4782 |   0.0 |       0 |     119 |   0.0 |  2512
               +---------+---------+-------+---------+---------+-------+---------
           D:1 |       0 |      14 |   0.0 |       0 |      10 |   0.0 |   283
           D:2 |       0 |      83 |   0.0 |       0 |      15 |   0.0 |   366
           D:3 |       0 |     128 |   0.0 |       0 |      25 |   0.0 |   272
           D:4 |       0 |     169 |   0.0 |       0 |       5 |   0.0 |   191
           D:5 |       0 |     205 |   0.0 |       0 |      10 |   0.0 |   252
           D:6 |       0 |     644 |   0.0 |       0 |      17 |   0.0 |   448
           D:7 |       0 |    2234 |   0.0 |       0 |      21 |   0.0 |   376
           D:8 |       0 |    1292 |   0.0 |       0 |      15 |   0.0 |   305
           D:9 |       0 |      13 |   0.0 |       0 |       1 |   0.0 |    19
               +---------+---------+-------+---------+---------+-------+---------

Table legend:
 A = Turns spent in this place as a percentage of turns spent in the entire game.
 B = Non-inter-level travel turns spent in this place as a percentage of non-inter-level travel turns spent in the entire game.
 C = Inter-level travel turns spent in this place as a percentage of turns spent in this place.
 D = Turns resting spent in this place as a percentage of non-inter-level travel turns spent in this place.
 E = Turns spent auto-exploring this place as a percentage of non-inter-level travel turns spent in this place.
 F = Non-inter-level travel turns spent in this place divided by the number of levels of this place that you've seen.
                   A       B       C       D       E      F
               +-------+-------+-------+-------+-------+----------------------
         Total | 100.0 | 100.0 |   0.0 |   0.0 |   0.0 | 279.1
       Dungeon | 100.0 | 100.0 |   0.0 |   0.0 |   0.0 | 279.1
               +-------+-------+-------+-------+-------+----------------------

Table legend:
 A = Kills in this place as a percentage of kills in entire the game.
 B = Kills by you in this place as a percentage of kills by you in the entire game.
 C = Kills by friends in this place as a percentage of kills by friends in the entire game.
 D = Other kills in this place as a percentage of other kills in the entire game.
 E = Experience gained in this place as a percentage of experience gained in the entire game.
 F = Experience gained in this place divided by the number of levels of this place that you have seen.
                   A       B       C       D       E      F
               +-------+-------+-------+-------+-------+----------------------
         Total | 100.0 | 100.0 | 100.0 |   N/A | 100.0 | 531.3
       Dungeon | 100.0 | 100.0 | 100.0 |   N/A | 100.0 | 531.3
               +-------+-------+-------+-------+-------+----------------------

Vault maps used:
D:1:      dpeg_arrival_tiny_a, hangedman_decor_points, cheibriados_altar_1
D:2:      nicolae_overflow_hidden_temple, first_bread
D:3:      nicolae_tso_swordbearing_angel
D:5:      lemuel_upstairs_altar, lemuel_doored_altar, minmay_temple_entry_trees,
          basic_altar, uniq_pikel
D:6:      minitemple
D:7:      lemuel_slime, minmay_misc_feat_more_columns, grunt_livestock,
          uniq_joseph
D:8:      serial_shops, kennysheep_mini_moat
D:9:      david_lair_generic, enter_bailey_2
